 Dungeon Sprint DCSS version 0.30-a0-596-g0af90f9a20 (webtiles) character file.

Game seed: 470541214977633256

1921 mhtbhm the Grappler (level 8, -3/90 HPs)
             Began as a Troll Transmuter on Jan 7, 2023.
             Was an Initiate of Gozag.
             Slain by a yak (14 damage)
             ... while paralysed by a floating eye
             ... in the Dungeon (Sprint VII: "The Pits").
             The game lasted 00:02:58 (864 turns).

mhtbhm the Grappler (Troll Transmuter)               Turns: 864, Time: 00:02:59

Health: -3/90      AC:  5    Str: 21    XL:     8   Next: 96%
Magic:  12/16      EV:  1    Int:  9    God:    Gozag
Gold:   889        SH:  0    Dex: 13    Spells: 9/19 levels left

rFire   x . .      SeeInvis .      - Unarmed
rCold   + + +      Faith    .    (shield currently unavailable)
rNeg    . . .      Spirit   .    (body armour currently unavailable)
rPois   +          Reflect  .    (helmet currently unavailable)
rElec   .          Harm     .    (cloak currently unavailable)
rCorr   .          Rampage  .    (gloves unavailable)
Will    .....      NoTele   +    (boots unavailable)
Stlth   ++                       (no amulet)
HPRegen 1.15/turn                l - +3 ring of evasion
MPRegen 0.15/turn                m - +3 ring of dexterity

@: paralysed, ice-form (expiring), wereblooded, spiked, gold aura
A: freezing attack, amphibious, boosted hp, large, unfitting armour, (claws 3),
regeneration 1, (shaggy fur 1), (tough skin 1)
a: End Transformation, Renounce Religion, Potion Petition, Call Merchant, Bribe
Branch


You were in the Dungeon.
You worshipped Gozag.
Gozag was pleased with you.
You were a creature of crystalline ice.
You visited 1 branch You collected 1692 gold pieces.
You spent 84 gold pieces at shops.
You paid 719 gold pieces to Gozag.

Inventory:

Armour
 a - a +0 robe (melded)
 p - a +0 cloak (melded)
Jewellery
 l - a +3 ring of evasion (left front paw)
 m - a +3 ring of dexterity (right front paw)
Scrolls
 h - a scroll of blinking
 j - 5 scrolls of amnesia
 k - a scroll of butterflies
Potions
 b - a potion of lignification
 c - 9 potions of curing
 d - 5 potions of heal wounds
 e - a potion of haste
 f - 4 potions of magic
 g - 3 potions of berserk rage
 i - 2 potions of invisibility
 n - 2 potions of might
 o - 2 potions of mutation


   Skills:
 + Level 3.5 Fighting
 + Level 6.4 Dodging
 + Level 1.4 Stealth
 + Level 13.0 Unarmed Combat
 + Level 6.0 Spellcasting
 + Level 6.4 Transmutations
 + Level 2.0 Ice Magic
 + Level 1.5 Poison Magic


You had 9 spell levels left.
You knew the following spells:

 Your Spells              Type           Power      Damage    Failure   Level
a - Beastly Appendage     Tmut           28%        N/A       1%          1
b - Wereblood             Tmut           14%        N/A       2%          2
c - Spider Form           Tmut/Pois      9%         N/A       13%         3
d - Ice Form              Ice/Tmut       10%        N/A       36%         4

Your spell library contained the following spells:

 Spells                   Type           Power      Damage    Failure   Level


Dungeon Overview and Level Annotations

Branches:
Dungeon (1/1)

Altars:
Ashenzari
Cheibriados
Dithmenos
Elyvilon
Fedhas
Gozag
Hepliaklqana
Kikubaaqudgha
Makhleb
Nemelex Xobeh
Okawaru
Qazlal
Ru
Sif Muna
Trog
Uskayaw
Vehumet
Wu Jian
Xom
Yredelemnul
Zin
The Shining One
Jiyva
Lugonu

Shops:
D *


Innate Abilities, Weirdness & Mutations

You are a creature of crystalline ice.
You have a powerful freezing melee attack.
You are amphibious.
Your maximum health is increased.
Your armour is entirely melded.
You are incapable of wielding weapons or throwing items.
You are too large for most types of armour.
((You have claws for hands.))
Your natural rate of healing is unusually fast.
((You are covered in fur. (AC +1)))
((You have tough skin. (AC +1)))


Message History

The smoke demon is almost dead.
The floating eye is distracted by your dazzling golden aura.
The smoke demon misses you. The smoke demon hits you.
* * * LOW HITPOINT WARNING * * *
The smoke demon hits you but does no damage.
The yak closely misses you. The yak misses you.
Unknown command.
You feel much better.
You howl as the wereblood boils in your veins!
The yak closely misses you. The yak gores you!
The smoke demon hits you but does no damage. x2
The smoke demon hits you.
Unknown command.
You pummel the smoke demon!! You freeze the smoke demon.
You feel a bit better.
You kill the smoke demon!
Unknown command.
You punch the yak! You freeze the yak.
The yak is moderately wounded.
The yak gores you! The yak misses you.
You pummel the steam dragon!! You freeze the steam dragon!
You feel a bit better.
You kill the steam dragon!
The floating eye is no longer distracted by gold.
The yak gores you!
* * * LOW HITPOINT WARNING * * *
The yak gores you!
* * * LOW HITPOINT WARNING * * *
The yak is distracted by your dazzling golden aura.
The floating eye gazes piercingly through you!
You suddenly lose the ability to move!
The yak bellows!
Your Unarmed Combat skill increases to level 13!
Your Spellcasting skill increases to level 6!
Your Ice Magic skill increases to level 2!
Your transformation is almost over.
The yak gores you.
* * * LOW HITPOINT WARNING * * *
The yak gores you!
You die...
Your body crumbles into a pile of gold.

.............+
.............+
...#..#......#
.............#
'#####''######
....##''################
....##..#......YG......#
....##..##....YYYY......
<...##..#### #Y#
....##..#..#####.##
....##..#....##...#
....##..'.....#...#
######..'....∩'...+
######..'.....#...#
..[[##..#....##...#
...[##..#..#####.##
..))##..#### #+#


You could see 5 yaks and a floating eye.

Vanquished Creatures
  A smoke demon (D)
  A guardian mummy (D)
  2 red devils (D)
  Prince Ribbit (D)
  Sigmund (D)
  A steam dragon (D)
  A warg (D)
  A floating eye (D)
  A necrophage (D)
  A scorpion (D)
  A jelly (D)
  An orc priest (D)
  A mummy (D)
  3 adders (D)
  A river rat (D)
  3 ball pythons (D)
  An endoplasm (D)
  3 giant cockroaches (D)
  7 jackals (D)
  A jackal zombie (D)
  A quokka zombie (D)
  A rat (D)
35 creatures vanquished.

Notes
Turn   | Place    | Note
-------+----------+-------------------------------------------
     0 | D        | mhtbhm the Troll Transmuter began the quest for the Orb.
     0 | D        | Reached XP level 1. HP: 18/18 MP: 1/1
    16 | D        | Found a bloodstained altar of Trog.
    16 | D        | Found a shimmering blue altar of Sif Muna.
    16 | D        | Found a viscous altar of Jiyva.
    16 | D        | Found a hazy altar of Hepliaklqana.
    16 | D        | Found an opulent altar of Gozag.
    17 | D        | Found a glowing golden altar of the Shining One.
    17 | D        | Found a glowing silver altar of Zin.
    17 | D        | Found a basalt altar of Yredelemnul.
    17 | D        | Found a shimmering altar of Xom.
    17 | D        | Found an ornate altar of the Wu Jian Council.
    17 | D        | Found a sacrificial altar of Ru.
    17 | D        | Found a stormy altar of Qazlal.
    17 | D        | Found an iron altar of Okawaru.
    17 | D        | Found a sparkling altar of Nemelex Xobeh.
    17 | D        | Found a burning altar of Makhleb.
    17 | D        | Found a blossoming altar of Fedhas.
    17 | D        | Found a white marble altar of Elyvilon.
    17 | D        | Found a shadowy altar of Dithmenos.
    17 | D        | Found a snail-covered altar of Cheibriados.
    19 | D        | Found a radiant altar of Vehumet.
    19 | D        | Found a corrupted altar of Lugonu.
    20 | D        | Found a hide-covered altar of Uskayaw.
    20 | D        | Found an ancient bone altar of Kikubaaqudgha.
    20 | D        | Found a broken altar of Ashenzari.
    26 | D        | Became a worshipper of Gozag Ym Sagoz the Greedy
    67 | D        | Reached skill level 4 in Unarmed Combat
    67 | D        | Reached XP level 2. HP: 18/26 MP: 0/3
   105 | D        | Learned a level 2 spell: Wereblood
   108 | D        | Noticed a floating eye
   109 | D        | Killed a floating eye
   110 | D        | Reached skill level 1 in Fighting
   110 | D        | Reached skill level 7 in Unarmed Combat
   110 | D        | Reached XP level 3. HP: 33/33 MP: 0/6
   110 | D        | Reached XP level 4. HP: 41/41 MP: 0/7
   156 | D        | Learned a level 3 spell: Spider Form
   235 | D        | Noticed a necrophage
   247 | D        | Killed a necrophage
   248 | D        | Reached skill level 8 in Unarmed Combat
   248 | D        | Reached XP level 5. HP: 39/48 MP: 6/9
   256 | D        | Noticed a warg
   266 | D        | Killed a warg
   267 | D        | Reached skill level 9 in Unarmed Combat
   267 | D        | Reached XP level 6. HP: 50/55 MP: 3/11
   286 | D        | Reached skill level 10 in Unarmed Combat
   448 | D        | Learned a level 4 spell: Ice Form
   490 | D        | Noticed Prince Ribbit
   510 | D        | Killed Prince Ribbit
   511 | D        | Reached skill level 5 in Dodging
   511 | D        | Reached skill level 5 in Transmutations
   511 | D        | Reached XP level 7. HP: 45/65 MP: 7/13
   622 | D        | Noticed Sigmund
   622 | D        | Noticed a red devil
   624 | D        | Reached skill level 11 in Unarmed Combat
   629 | D        | Killed a red devil
   630 | D        | Reached skill level 5 in Spellcasting
   634 | D        | Killed Sigmund
   635 | D        | Reached skill level 1 in Poison Magic
   635 | D        | Reached XP level 8. HP: 52/74 MP: 8/15
   767 | D        | Noticed a guardian mummy
   777 | D        | Killed a guardian mummy
   778 | D        | Reached skill level 1 in Stealth
   778 | D        | Reached skill level 12 in Unarmed Combat
   778 | D        | Reached skill level 1 in Ice Magic
   805 | D        | Bought a potion of curing for 42 gold pieces
   805 | D        | Bought a potion of curing for 42 gold pieces
   843 | D        | Noticed a red devil
   844 | D        | Noticed a smoke demon
   846 | D        | Paralysed by a floating eye for 2 turns
   853 | D        | Killed a red devil
   861 | D        | Killed a smoke demon
   863 | D        | Paralysed by a floating eye for 3 turns
   864 | D        | Reached skill level 13 in Unarmed Combat
   864 | D        | Slain by a yak

Illustrated notes

Levels and vault maps discovered:
D:        pitsprint [storerooms_1, entrance_room_1, metal_vault_1, armoury_2,
          mini_pit_1, grid_room_1, main_hall_1, silver_pit, the_coven_3,
          the_vestibule_1, steel_vault_5, golden_pit, hallway_of_sentries,
          crystal_vault_2, iron_vault_1, final_vault]

Skill      XL: |  1  2  3  4  5  6  7  8 |
---------------+-------------------------+-----
Dodging        | 2 3 4 5 6 |  6.4
Unarmed Combat | 4 7 8 9 10 11 13 | 13.0
Fighting       | 1 2 3 |  3.5
Spellcasting   | 2 3 4 5 6 |  6.0
Transmutations | 2 3 4 5 6 |  6.4
Poison Magic   | 1 |  1.5
Stealth        | 1 |  1.4
Ice Magic      | 2 |  2.0

Action                   |  1- 3 |  4- 6 |  7- 9 || total
-------------------------+-------+-------+-------++-------
Melee: Unarmed           |     7 |    57 |    32 ||    96
       Headbutt          |     1 |     2 |       ||     3
       Kick              |       |     6 |       ||     6
 Cast: Beastly Appendage |     2 |     2 |       ||     4
       Wereblood         |     1 |     2 |     3 ||     6
       Spider Form       |       |     3 |       ||     3
       Ice Form          |       |       |     3 ||     3
Invok: Call Merchant     |       |       |     1 ||     1
  Use: Potion            |       |     1 |     6 ||     7
 Stab: Sleeping          |       |     1 |       ||     1
Armor: Robe              |     1 |     7 |       ||     8
       Skin              |       |       |    12 ||    12
Dodge: Dodged            |     2 |    32 |    25 ||    59

Table legend: (Time is in decaauts)
 A = Elapsed time spent in this place.
 B = Non-inter-level travel time spent in this place.
 C = Inter-level travel time spent in this place.
 D = Time resting spent in this place.
 E = Time spent auto-exploring this place.
 F = Levels seen in this place.
 G = Mean time per level.
                   A        B        C        D        E       F      G
               +--------+--------+--------+--------+--------+-----+--------+
         Total |    845 |    845 |      0 |    348 |     28 |   1 |  845.0 |
       Dungeon |    845 |    845 |      0 |    348 |     28 |   1 |  845.0 |
               +--------+--------+--------+--------+--------+-----+--------+

Top non-repeatable levels by time:
       D: 845 daAuts
